Barracuda vs Americans

Created - November 19, 2024 at 19:36

Goals
1 2 3 T
Barracuda 1 1 1 3
Americans 0 2 2 4
Shots
1 2 3 T
Barracuda 11 6 13 30
Americans 6 15 11 32

1st period

1. Barracuda , Cole Ully 4 (Jordan Gross 4) at 0:47

Penalties :
Gianni Fairbrother (Roc) for Boarding (Minor) at 5:33, Connor Hellebyuk (Roc) for Slashing (Minor) at 14:41 - Vladimir Tkachev served the penalty, Kevin Fiala (Roc) for Tripping (Minor) at 17:28

2nd period

2. Americans , Ryan Fitzgerald 9 (Justin Bailey 12, Kevin Fiala 11) at 4:10
3. Americans , Maxim Mamin 2 (Jakob Pelletier 1, Alex Schoenborn 2) at 14:47
4. Barracuda , William Carrier 9 (Theodor Blueger 10, Jaedon Descheneau 3) at 16:22

Penalties :
Thomas Gobeil (S.J) for Cross-checking (Minor) at 5:00

3rd period

5. Americans , Richard Nejezchleb 4 (Teemu Pulkkinen 6, Michael McCarron 6) at 1:16
6. Americans , Ryan Fitzgerald 10 (Kevin Fiala 12, Gianni Fairbrother 1) at 2:31
7. Barracuda , Luke Martin 1 (Alexei Toropchenko 1) at 10:46

Penalties :
Mac Hollowell (S.J) for Interference (Minor) at 14:39, Devon Teows (Roc) for Holding (Minor) at 15:49, Xavier Bouchard (Roc) for High sticking (Minor) at 16:21

Goalie Stats

Joni Ortio (S.J), 28 saves from 32 shots - (0.875), L, 8-4-1, 58:51 minutes
Connor Hellebyuk (Roc), 27 saves from 30 shots - (0.900), W, 7-5-0, 60:00 minutes

Players Stats for Barracuda

Player Name              G  A  P  +/- PIM S  H  SB GA TA FO     MP     PP MP  PK MP  
------------------------------------------------------------------------------------
Alex Henriksson          0  0  0  -1  0   0  1  0  0  0  2/3    12:38   0:13   0:31 
Alex Lintuniemi          0  0  0  -2  0   0  0  2  0  0  0/0    11:22   0:00   0:18 
Alexei Toropchenko       0  1  1   0  0   0  0  0  0  0  0/0     6:10   0:13   0:00 
Cole Ully                1  0  1  -1  0   5  0  0  1  0  0/0    11:24   0:00   0:00 
Dennis Cholowski         0  0  0  -2  0   1  0  1  0  0  0/0    11:04   0:00   0:00 
Emil Pettersson          0  0  0   0  0   6  5  0  0  1  14/31  24:11   3:07   1:54 
Jaedon Descheneau        0  1  1   0  0   1  2  0  0  1  0/1    17:31   4:32   0:00 
Jordan Gross             0  1  1   2  0   2  0  0  0  2  0/0    18:55   1:59   1:22 
Kurtis Macdermid         0  0  0   0  0   2  0  0  0  0  2/2    23:40   2:54   1:54 
Kyle Platzer             0  0  0   0  0   1  1  0  0  1  1/2     7:03   0:00   0:16 
Luke Martin              1  0  1   2  0   2  0  0  0  0  0/0    21:53   2:20   1:58 
Mac Hollowell            0  0  0  -1  2   0  2  1  0  2  0/0    28:01   5:24   0:53 
Nikolai Kovalenko        0  0  0  -1  0   0  1  0  0  0  0/0    11:24   0:00   0:00 
Noah Gregor              0  0  0   1  0   0  0  0  0  0  0/1     1:30   0:00   0:00 
Robin Norell             0  0  0  -1  0   2  1  1  1  1  0/0    28:49   5:40   1:47 
Theodor Blueger          0  1  1  -1  0   5  0  0  0  0  7/18   21:19   4:32   0:59 
Thomas Gobeil            0  0  0   0  2   1  1  0  0  1  1/2    20:51   2:49   0:00 
William Carrier          1  0  1   0  0   2  1  0  3  1  0/0    18:15   4:32   0:44 

Players Stats for Americans

Player Name              G  A  P  +/- PIM S  H  SB GA TA FO     MP     PP MP  PK MP  
------------------------------------------------------------------------------------
Alex Schoenborn          0  1  1   0  0   0  1  0  0  0  0/0     7:49   0:00   0:00 
Daniel Sprong            0  0  0  -2  0   2  0  0  0  0  0/0    10:48   0:00   0:00 
Devon Teows              0  0  0   1  2   1  1  1  0  1  0/0    26:02   2:02   3:40 
Dillon Heatherington     0  0  0   1  0   0  0  1  1  1  0/0    27:43   2:03   4:48 
Gianni Fairbrother       0  1  1  -1  2   0  0  0  0  0  0/0    12:05   0:00   1:17 
Jakob Pelletier          0  1  1   0  0   2  0  0  1  0  0/0     8:12   0:00   0:22 
Justin Bailey            0  1  1   2  0   4  1  1  2  0  7/9    23:54   1:48   4:22 
Kevin Fiala              0  2  2   2  2   5  4  0  3  0  1/1    20:13   1:48   1:15 
Matt Grzelcyk            0  0  0   1  0   1  2  1  0  1  0/0    21:33   1:06   3:08 
Maxim Mamin              1  0  1   0  0   3  2  0  1  0  2/5    10:14   0:00   2:19 
Michael McCarron         0  1  1   1  0   1  0  0  1  0  3/9    13:49   1:21   0:00 
Nathan Noel              0  0  0  -2  0   0  1  0  0  0  1/5    10:48   0:00   0:00 
Richard Nejezchleb       1  0  1   1  0   1  2  0  0  2  0/0    13:49   1:21   0:00 
Ryan Fitzgerald          2  0  2   2  0   4  2  0  0  0  17/29  20:33   1:48   2:06 
Spencer Stastney         0  0  0   1  0   1  2  0  0  0  0/0    21:33   1:06   3:08 
Teemu Pulkkinen          0  1  1   1  0   5  3  0  1  0  2/2    18:21   1:21   3:27 
Vladimir Tkachev         0  0  0  -2  0   2  0  0  0  0  0/0    11:19   0:00   0:25 
Xavier Bouchard          0  0  0  -1  2   0  0  1  0  0  0/0    11:16   0:00   0:00 

3 Stars

1 - Ryan Fitzgerald (Roc)
2 - Kevin Fiala (Roc)
3 - Richard Nejezchleb (Roc)

Power Play

Barracuda - 0 on 5 Attempt(s) - 0.00%
Americans - 0 on 2 Attempt(s) - 0.00%

Penalty Kill

Barracuda - 2 on 2 Attempt(s) - 100.00% - Score 0 goal in Penalty Kill
Americans - 5 on 5 Attempt(s) - 100.00% - Score 0 goal in Penalty Kill

Team Stat

Barracuda - Hits : 15 - Faceoff Wins : 27 - Blocked Shots : 5 - Penalty Minutes : 4
Americans - Hits : 21 - Faceoff Wins : 33 - Blocked Shots : 5 - Penalty Minutes : 10

Official

Referees : Ian Walsh and Conor O'Donnell
Linesman : Ryan Galloway and Brad Kovachik

Game Notes

Noah Gregor is injured at 7:44 of 1st period (Groin)

Finance

Level 1 -- Attendance: 1894 (94.70%) -- Ticket Income $132,580
Level 2 -- Attendance: 941 (94.10%) -- Ticket Income $37,640
Total Attendance: 2835 (94.50%)
Total Ticket Income: $170,220
Other Income: $8,511
Total Income: $178,731

Barracuda

5 vs 5 Forward 
   Center                   Left Wing                Right Wing               Time % Phy DF OF 
 1 Emil Pettersson          Kurtis Macdermid         Thomas Gobeil            40     1   2  2  
 2 Theodor Blueger          William Carrier          Jaedon Descheneau        30     1   2  2  
 3 Noah Gregor              Cole Ully                Nikolai Kovalenko        20     1   3  1  
 4 Kyle Platzer             Alex Henriksson          Alexei Toropchenko       10     1   3  1  

5 vs 5 Defense 
   Defense                  Defense                                           Time % Phy DF OF 
 1 Robin Norell             Mac Hollowell                                     40     1   3  1  
 2 Jordan Gross             Luke Martin                                       30     1   3  1  
 3 Alex Lintuniemi          Dennis Cholowski                                  20     1   3  1  
 4 Robin Norell             Mac Hollowell                                     10     1   3  1  

PowerPlay Forward 
   Center                   Left Wing                Right Wing               Time % Phy DF OF 
 1 Emil Pettersson          Kurtis Macdermid         Thomas Gobeil            60     1   1  3  
 2 Theodor Blueger          William Carrier          Jaedon Descheneau        40     1   1  3  

PowerPlay Defense
   Defense                  Defense                                           Time % Phy DF OF 
 1 Robin Norell             Mac Hollowell                                     60     1   2  2  
 2 Jordan Gross             Luke Martin                                       40     1   2  2  

Penalty Kill 4 Players Forward 
   Center                   Wing                     Time % Phy DF OF 
 1 Emil Pettersson          Kurtis Macdermid         60     1   4  0  
 2 Theodor Blueger          William Carrier          40     1   4  0  

Penalty Kill 4 Players Defense
   Defense                  Defense                  Time % Phy DF OF 
 1 Robin Norell             Mac Hollowell            60     1   4  0  
 2 Jordan Gross             Luke Martin              40     1   4  0  

Penalty Kill - 3 Players Forward 
   Forward                                           Time % Phy DF OF 
 1 Emil Pettersson                                   60     1   4  0  
 2 Theodor Blueger                                   40     1   4  0  

Penalty Kill - 3 Players Defense
   Defense                  Defense                  Time % Phy DF OF 
 1 Robin Norell             Mac Hollowell            60     1   4  0  
 2 Jordan Gross             Luke Martin              40     1   4  0  

4 vs 4 Forward 
   Center                   Wing                     Time % Phy DF OF 
 1 Emil Pettersson          Kurtis Macdermid         60     1   3  1  
 2 Theodor Blueger          William Carrier          40     1   3  1  

4 vs 4 Defense
   Defense                  Defense                  Time % Phy DF OF 
 1 Robin Norell             Mac Hollowell            60     1   3  1  
 2 Jordan Gross             Luke Martin              40     1   3  1  

Last Minutes Offensive
   Center                   Left Wing                Right Wing               Defense                  Defense                  
   Emil Pettersson          Kurtis Macdermid         Thomas Gobeil            Robin Norell             Mac Hollowell            

Last Minutes Defensive
   Center                   Left Wing                Right Wing               Defense                  Defense                  
   Emil Pettersson          Kurtis Macdermid         Thomas Gobeil            Robin Norell             Mac Hollowell            

Goaltenders
Starting : Joni Ortio               
Backup : Kevin Mandolese          

Extra Forwards
Normal : Theodor Blueger, Noah Gregor, Alex Henriksson - PP : Theodor Blueger, Noah Gregor - PK : Theodor Blueger
Extra Defensemen
Normal : Luke Martin, Alex Lintuniemi, Dennis Cholowski - PP : Luke Martin - PK : Luke Martin, Alex Lintuniemi
Penalty Shots
Kurtis Macdermid, William Carrier, Emil Pettersson, Cole Ully, Theodor Blueger
Custom OT Lines Forwards
Kurtis Macdermid, William Carrier, Emil Pettersson, Cole Ully, Theodor Blueger, Noah Gregor, Alex Henriksson, Kyle Platzer, Thomas Gobeil, Jaedon Descheneau
Custom OT Lines Defensemen
Robin Norell, Mac Hollowell, Jordan Gross, Luke Martin, Alex Lintuniemi

Scratches
Brett Kulak (Healthy), Jacob Peterson (Healthy), Ryan Merkley (Healthy), Bode Wilde (Healthy), Beck Malenstyn (Healthy)
Adam Edstrom (Healthy), Adam Beckman (Healthy), Angus Crookshank (Healthy), Filip Larsson (Healthy)

Americans

5 vs 5 Forward 
   Center                   Left Wing                Right Wing               Time % Phy DF OF 
 1 Ryan Fitzgerald          Justin Bailey            Kevin Fiala              40     1   2  2  
 2 Michael McCarron         Teemu Pulkkinen          Richard Nejezchleb       30     1   2  2  
 3 Nathan Noel              Vladimir Tkachev         Daniel Sprong            20     1   2  2  
 4 Maxim Mamin              Jakob Pelletier          Alex Schoenborn          10     1   2  2  

5 vs 5 Defense 
   Defense                  Defense                                           Time % Phy DF OF 
 1 Dillon Heatherington     Devon Teows                                       40     1   2  2  
 2 Matt Grzelcyk            Spencer Stastney                                  30     1   2  2  
 3 Xavier Bouchard          Gianni Fairbrother                                20     1   2  2  
 4 Dillon Heatherington     Devon Teows                                       10     1   2  2  

PowerPlay Forward 
   Center                   Left Wing                Right Wing               Time % Phy DF OF 
 1 Ryan Fitzgerald          Justin Bailey            Kevin Fiala              60     1   2  2  
 2 Michael McCarron         Teemu Pulkkinen          Richard Nejezchleb       40     1   2  2  

PowerPlay Defense
   Defense                  Defense                                           Time % Phy DF OF 
 1 Dillon Heatherington     Devon Teows                                       60     1   2  2  
 2 Matt Grzelcyk            Spencer Stastney                                  40     1   2  2  

Penalty Kill 4 Players Forward 
   Center                   Wing                     Time % Phy DF OF 
 1 Justin Bailey            Teemu Pulkkinen          60     1   2  2  
 2 Kevin Fiala              Ryan Fitzgerald          40     1   2  2  

Penalty Kill 4 Players Defense
   Defense                  Defense                  Time % Phy DF OF 
 1 Dillon Heatherington     Devon Teows              60     1   2  2  
 2 Matt Grzelcyk            Spencer Stastney         40     1   2  2  

Penalty Kill - 3 Players Forward 
   Forward                                           Time % Phy DF OF 
 1 Justin Bailey                                     60     1   2  2  
 2 Teemu Pulkkinen                                   40     1   2  2  

Penalty Kill - 3 Players Defense
   Defense                  Defense                  Time % Phy DF OF 
 1 Dillon Heatherington     Devon Teows              60     1   2  2  
 2 Matt Grzelcyk            Spencer Stastney         40     1   2  2  

4 vs 4 Forward 
   Center                   Wing                     Time % Phy DF OF 
 1 Justin Bailey            Teemu Pulkkinen          60     1   2  2  
 2 Kevin Fiala              Ryan Fitzgerald          40     1   2  2  

4 vs 4 Defense
   Defense                  Defense                  Time % Phy DF OF 
 1 Dillon Heatherington     Devon Teows              60     1   2  2  
 2 Matt Grzelcyk            Spencer Stastney         40     1   2  2  

Last Minutes Offensive
   Center                   Left Wing                Right Wing               Defense                  Defense                  
   Ryan Fitzgerald          Justin Bailey            Kevin Fiala              Dillon Heatherington     Devon Teows              

Last Minutes Defensive
   Center                   Left Wing                Right Wing               Defense                  Defense                  
   Ryan Fitzgerald          Justin Bailey            Kevin Fiala              Dillon Heatherington     Devon Teows              

Goaltenders
Starting : Connor Hellebyuk         
Backup : Peyton Jones             

Extra Forwards
Normal : Ryan Fitzgerald, Kevin Fiala, Justin Bailey - PP : Justin Bailey, Jakob Pelletier - PK : Justin Bailey
Extra Defensemen
Normal : Xavier Bouchard, Gianni Fairbrother, Matt Grzelcyk - PP : Xavier Bouchard - PK : Gianni Fairbrother, Matt Grzelcyk
Penalty Shots
Justin Bailey, Teemu Pulkkinen, Kevin Fiala, Ryan Fitzgerald, Richard Nejezchleb
Custom OT Lines Forwards
Justin Bailey, Teemu Pulkkinen, Kevin Fiala, Ryan Fitzgerald, Richard Nejezchleb, Michael McCarron, Vladimir Tkachev, Nathan Noel, Maxim Mamin, Daniel Sprong
Custom OT Lines Defensemen
Dillon Heatherington, Devon Teows, Matt Grzelcyk, Spencer Stastney, Xavier Bouchard

Scratches
Jonas Brodin (Healthy), Peyton Krebs (Healthy), Dmitri Semykin (Healthy), Zachary Senyshyn (Healthy), John Leonard (Healthy)
Joel Teasdale (Healthy), Lauri Pajuniemi (Healthy), Anthony Romano (Healthy), Austin Wong (Healthy), Christopher Paquette (Healthy)
Samuel Bolduc (Healthy), Daniel Bukac (Healthy), Felix Bibeau (Healthy), Simon Holmstrom (Healthy)

% Time on Ice - Barracuda

Lines # - Real PCT - Wanted PCT - Time Play
Normal Forward
1 - 36% - 40% - 16:48
2 - 28% - 30% - 12:59
3 - 24% - 20% - 11:24
4 - 13% - 10% - 5:57
Normal Defense
1 - 39% - 40% - 18:36
2 - 33% - 30% - 15:34
3 - 23% - 20% - 11:04
4 - 4% - 10% - 1:54
PP Forward
1 - 41% - 60% - 3:07
2 - 59% - 40% - 4:32
PP Defense
1 - 74% - 60% - 5:40
2 - 26% - 40% - 1:59
PK Forward
1 - 77% - 60% - 2:25
2 - 23% - 40% - 0:44
PK Defense
1 - 57% - 60% - 1:47
2 - 43% - 40% - 1:22
PK3 Forward
1 - 0% - 60%
2 - 0% - 40%
PK3 Defense
1 - 0% - 60%
2 - 0% - 40%
44 Forward
1 - 100% - 60% - 0:49
2 - 0% - 40% - 0:00
44 Defense
1 - 100% - 60% - 0:49
2 - 0% - 40% - 0:00
Last Minute Offensive  - 1:15
Last Minute Defensive  - 0:00
Total
Forward - 60:00
Defense - 60:00

% Time on Ice - Americans

Lines # - Real PCT - Wanted PCT - Time Play
Normal Forward
1 - 35% - 40% - 16:25
2 - 26% - 30% - 12:28
3 - 23% - 20% - 10:48
4 - 16% - 10% - 7:49
Normal Defense
1 - 37% - 40% - 17:48
2 - 36% - 30% - 17:19
3 - 23% - 20% - 10:44
4 - 3% - 10% - 1:39
PP Forward
1 - 57% - 60% - 1:48
2 - 43% - 40% - 1:21
PP Defense
1 - 65% - 60% - 2:03
2 - 35% - 40% - 1:06
PK Forward
1 - 68% - 60% - 4:23
2 - 32% - 40% - 2:06
PK Defense
1 - 57% - 60% - 3:40
2 - 43% - 40% - 2:49
PK3 Forward
1 - 100% - 60% - 1:27
2 - 0% - 40% - 0:00
PK3 Defense
1 - 78% - 60% - 1:08
2 - 22% - 40% - 0:19
44 Forward
1 - 100% - 60% - 0:32
2 - 0% - 40% - 0:00
44 Defense
1 - 100% - 60% - 0:32
2 - 0% - 40% - 0:00
Last Minute Offensive  - 0:00
Last Minute Defensive  - 0:53
Total
Forward - 60:00
Defense - 60:00

Play-by-Play

1st period


0:01 of 1st period - Ryan Fitzgerald wins face-off versus Emil Pettersson in neutral zone.
0:26 of 1st period - Devon Teows is hit by Robin Norell and loses puck.
0:33 of 1st period - Wrist shot by Teemu Pulkkinen.
0:33 of 1st period - Stopped by Joni Ortio without a rebound.
0:34 of 1st period - Nathan Noel wins face-off versus Noah Gregor in Barracuda zone.
0:47 of 1st period - Wrist shot by Cole Ully.
0:47 of 1st period - Goal by Cole Ully - Barracuda : 1 - Americans : 0.
0:48 of 1st period - Maxim Mamin wins face-off versus Kyle Platzer in neutral zone.
0:53 of 1st period - Slapshot by Maxim Mamin.
0:53 of 1st period - Shot Misses the Net.
0:55 of 1st period - Snap shot by Maxim Mamin.
0:55 of 1st period - Shot Misses the Net.
2:00 of 1st period - Off-side.
2:01 of 1st period - Ryan Fitzgerald wins face-off versus Theodor Blueger in neutral zone.
2:04 of 1st period - Robin Norell is hit by Kevin Fiala and loses puck.
2:15 of 1st period - Snap shot by Kevin Fiala.
2:15 of 1st period - Shot Blocked by Robin Norell.
2:17 of 1st period - Slapshot by Matt Grzelcyk.
2:17 of 1st period - Shot Misses the Net.
2:27 of 1st period - Spencer Stastney is hit by Emil Pettersson and loses puck.
2:54 of 1st period - Wrist shot by Cole Ully.
2:54 of 1st period - Stopped by Connor Hellebyuk with a rebound.
2:56 of 1st period - Slapshot by Robin Norell.
2:56 of 1st period - Stopped by Connor Hellebyuk without a rebound.
2:57 of 1st period - Ryan Fitzgerald wins face-off versus Emil Pettersson in Americans zone.
3:18 of 1st period - Icing by Kurtis Macdermid.
3:19 of 1st period - Kurtis Macdermid wins face-off versus Michael McCarron in Barracuda zone.
3:26 of 1st period - Snap shot by Kurtis Macdermid.
3:26 of 1st period - Deflect By Emil Pettersson.
3:26 of 1st period - Shot Misses the Net.
3:26 of 1st period - Puck is out of play.
3:27 of 1st period - Michael McCarron wins face-off versus Theodor Blueger in Americans zone.
5:11 of 1st period - Noah Gregor is hit by Justin Bailey.
5:33 of 1st period - Minor Penalty to Gianni Fairbrother for Boarding.
5:34 of 1st period - Justin Bailey wins face-off versus Emil Pettersson in Americans zone.
6:56 of 1st period - Maxim Mamin is hit by Emil Pettersson and loses puck.
7:33 of 1st period - Penalty to Gianni Fairbrother is over, Gianni Fairbrother is back on ice.
7:43 of 1st period - Noah Gregor is hit by Nathan Noel and loses puck.
7:44 of 1st period - Noah Gregor from Barracuda is injured at 7:44 of 1st period (Groin).
7:45 of 1st period - Ryan Fitzgerald wins face-off versus Emil Pettersson in Barracuda zone.
8:00 of 1st period - Wrist shot by Emil Pettersson.
8:00 of 1st period - Stopped by Connor Hellebyuk with a rebound.
8:10 of 1st period - William Carrier is hit by Teemu Pulkkinen and loses puck.
8:48 of 1st period - Icing by Nathan Noel.
8:49 of 1st period - Emil Pettersson wins face-off versus Nathan Noel in Americans zone.
8:54 of 1st period - Wrist shot by Kurtis Macdermid.
8:54 of 1st period - Shot Blocked by Matt Grzelcyk.
8:56 of 1st period - Snap shot by Jordan Gross.
8:56 of 1st period - Deflect By Kurtis Macdermid.
8:56 of 1st period - Stopped by Connor Hellebyuk with a rebound.
9:33 of 1st period - Icing by Spencer Stastney.
9:34 of 1st period - Theodor Blueger wins face-off versus Nathan Noel in Americans zone.
10:01 of 1st period - Wrist shot by Kevin Fiala.
10:01 of 1st period - Stopped by Joni Ortio without a rebound.
10:02 of 1st period - Ryan Fitzgerald wins face-off versus Jaedon Descheneau in Barracuda zone.
10:07 of 1st period - Wrist shot by Kevin Fiala.
10:07 of 1st period - Stopped by Joni Ortio without a rebound.
10:08 of 1st period - Emil Pettersson wins face-off versus Ryan Fitzgerald in Barracuda zone.
11:14 of 1st period - Snap shot by Kevin Fiala.
11:14 of 1st period - Shot Misses the Net.
11:16 of 1st period - Snap shot by Dillon Heatherington.
11:16 of 1st period - Deflect By Ryan Fitzgerald.
11:16 of 1st period - Stopped by Joni Ortio with a rebound.
11:26 of 1st period - Snap shot by Justin Bailey.
11:26 of 1st period - Stopped by Joni Ortio with a rebound.
12:26 of 1st period - Wrist shot by Justin Bailey.
12:26 of 1st period - Stopped by Joni Ortio without a rebound.
12:27 of 1st period - Michael McCarron wins face-off versus Theodor Blueger in Barracuda zone.
12:40 of 1st period - Snap shot by Michael McCarron.
12:40 of 1st period - Shot Misses the Net.
12:59 of 1st period - Icing by Luke Martin.
13:00 of 1st period - Alex Henriksson wins face-off versus Maxim Mamin in Barracuda zone.
14:27 of 1st period - Snap shot by Nathan Noel.
14:27 of 1st period - Shot Misses the Net.
14:29 of 1st period - Slapshot by Gianni Fairbrother.
14:29 of 1st period - Deflect By Vladimir Tkachev.
14:29 of 1st period - Shot Misses the Net.
14:29 of 1st period - Puck is out of play.
14:30 of 1st period - Alex Henriksson wins face-off versus Nathan Noel in Barracuda zone.
14:41 of 1st period - Wrist shot by Cole Ully.
14:41 of 1st period - Stopped by Connor Hellebyuk without a rebound.
14:41 of 1st period - Minor Penalty to Connor Hellebyuk for Slashing.
14:42 of 1st period - Justin Bailey wins face-off versus Theodor Blueger in Americans zone.
14:55 of 1st period - Dillon Heatherington is hit by Jaedon Descheneau and loses puck.
16:24 of 1st period - Alexei Toropchenko is hit by Spencer Stastney and loses puck.
16:41 of 1st period - Penalty to Vladimir Tkachev is over, Vladimir Tkachev is back on ice.
16:51 of 1st period - Slapshot by Cole Ully.
16:51 of 1st period - Stopped by Connor Hellebyuk with a rebound.
17:28 of 1st period - Minor Penalty to Kevin Fiala for Tripping.
17:29 of 1st period - Justin Bailey wins face-off versus Emil Pettersson in Americans zone.
17:38 of 1st period - Dillon Heatherington is hit by Thomas Gobeil and loses puck.
18:05 of 1st period - Slapshot by Theodor Blueger.
18:05 of 1st period - Deflect By Jaedon Descheneau.
18:05 of 1st period - Shot Misses the Net.
18:05 of 1st period - Puck is out of play.
18:06 of 1st period - Theodor Blueger wins face-off versus Maxim Mamin in Americans zone.
18:25 of 1st period - Ryan Fitzgerald is hit by William Carrier and loses puck.
19:00 of 1st period - Slapshot by William Carrier.
19:00 of 1st period - Stopped by Connor Hellebyuk with a rebound.
19:02 of 1st period - Wrist shot by Jaedon Descheneau.
19:02 of 1st period - Shot Misses the Net.
19:18 of 1st period - Slapshot by Theodor Blueger.
19:18 of 1st period - Shot Misses the Net.
19:20 of 1st period - Snap shot by Theodor Blueger.
19:20 of 1st period - Stopped by Connor Hellebyuk with a rebound.
19:22 of 1st period - Wrist shot by Robin Norell.
19:22 of 1st period - Stopped by Connor Hellebyuk without a rebound.
19:23 of 1st period - Emil Pettersson wins face-off versus Justin Bailey in Americans zone.
19:26 of 1st period - Snap shot by Emil Pettersson.
19:26 of 1st period - Stopped by Connor Hellebyuk with a rebound.
19:28 of 1st period - Penalty to Kevin Fiala is over, Kevin Fiala is back on ice.
Goals for this period are 1 for Barracuda vs 0 for Americans.
Shots for this period are 11 for Barracuda vs 6 for Americans.

2nd period


0:01 of 2nd period - Teemu Pulkkinen wins face-off versus Theodor Blueger in neutral zone.
0:26 of 2nd period - Mac Hollowell is hit by Ryan Fitzgerald and loses puck.
0:53 of 2nd period - Snap shot by Theodor Blueger.
0:53 of 2nd period - Shot Misses the Net.
0:55 of 2nd period - Slapshot by Theodor Blueger.
0:55 of 2nd period - Stopped by Connor Hellebyuk with a rebound.
1:53 of 2nd period - Snap shot by Kevin Fiala.
1:53 of 2nd period - Stopped by Joni Ortio with a rebound.
2:03 of 2nd period - Wrist shot by Teemu Pulkkinen.
2:03 of 2nd period - Stopped by Joni Ortio without a rebound.
2:04 of 2nd period - Theodor Blueger wins face-off versus Michael McCarron in Barracuda zone.
2:35 of 2nd period - Snap shot by Justin Bailey.
2:35 of 2nd period - Deflect By Ryan Fitzgerald.
2:35 of 2nd period - Shot Misses the Net.
2:35 of 2nd period - Puck is out of play.
2:36 of 2nd period - Ryan Fitzgerald wins face-off versus Thomas Gobeil in Barracuda zone.
2:37 of 2nd period - Wrist shot by Justin Bailey.
2:37 of 2nd period - Stopped by Joni Ortio without a rebound.
2:38 of 2nd period - Thomas Gobeil wins face-off versus Ryan Fitzgerald in Barracuda zone.
3:05 of 2nd period - Wrist shot by Teemu Pulkkinen.
3:05 of 2nd period - Stopped by Joni Ortio with a rebound.
3:43 of 2nd period - Emil Pettersson is hit by Matt Grzelcyk and loses puck.
4:08 of 2nd period - Snap shot by Justin Bailey.
4:08 of 2nd period - Stopped by Joni Ortio with a rebound.
4:10 of 2nd period - Snap shot by Ryan Fitzgerald.
4:10 of 2nd period - Goal by Ryan Fitzgerald - Barracuda : 1 - Americans : 1.
4:11 of 2nd period - Theodor Blueger wins face-off versus Michael McCarron in neutral zone.
4:36 of 2nd period - Kevin Fiala is hit by Emil Pettersson and loses puck.
5:00 of 2nd period - Minor Penalty to Thomas Gobeil for Cross-checking.
5:01 of 2nd period - Emil Pettersson wins face-off versus Ryan Fitzgerald in Barracuda zone.
6:17 of 2nd period - Ryan Fitzgerald is hit by Kyle Platzer and loses puck.
6:34 of 2nd period - Jordan Gross is hit by Devon Teows and loses puck.
7:00 of 2nd period - Penalty to Thomas Gobeil is over, Thomas Gobeil is back on ice.
7:42 of 2nd period - Cole Ully is hit by Spencer Stastney and loses puck.
9:29 of 2nd period - Slapshot by Devon Teows.
9:29 of 2nd period - Shot Misses the Net.
9:43 of 2nd period - Dennis Cholowski is hit by Teemu Pulkkinen and loses puck.
10:02 of 2nd period - Matt Grzelcyk is hit by Alex Henriksson and loses puck.
10:13 of 2nd period - Nathan Noel is hit by Nikolai Kovalenko and loses puck.
10:40 of 2nd period - Wrist shot by Vladimir Tkachev.
10:40 of 2nd period - Stopped by Joni Ortio with a rebound.
10:42 of 2nd period - Slapshot by Matt Grzelcyk.
10:42 of 2nd period - Stopped by Joni Ortio without a rebound.
10:43 of 2nd period - Ryan Fitzgerald wins face-off versus Alex Henriksson in Barracuda zone.
11:17 of 2nd period - Mac Hollowell is hit by Alex Schoenborn and loses puck.
11:39 of 2nd period - Alex Henriksson is hit by Kevin Fiala and loses puck.
11:59 of 2nd period - Snap shot by Teemu Pulkkinen.
11:59 of 2nd period - Deflect By Richard Nejezchleb.
11:59 of 2nd period - Shot Blocked by Alex Lintuniemi.
11:59 of 2nd period - Puck is out of play.
12:00 of 2nd period - Michael McCarron wins face-off versus Theodor Blueger in Barracuda zone.
12:05 of 2nd period - Wrist shot by Teemu Pulkkinen.
12:05 of 2nd period - Stopped by Joni Ortio with a rebound.
12:07 of 2nd period - Snap shot by Teemu Pulkkinen.
12:07 of 2nd period - Stopped by Joni Ortio without a rebound.
12:08 of 2nd period - Theodor Blueger wins face-off versus Ryan Fitzgerald in Barracuda zone.
12:15 of 2nd period - Snap shot by Kevin Fiala.
12:15 of 2nd period - Stopped by Joni Ortio without a rebound.
12:16 of 2nd period - Emil Pettersson wins face-off versus Ryan Fitzgerald in Barracuda zone.
12:31 of 2nd period - Wrist shot by Emil Pettersson.
12:31 of 2nd period - Stopped by Connor Hellebyuk with a rebound.
13:23 of 2nd period - Snap shot by Jakob Pelletier.
13:23 of 2nd period - Deflect By Thomas Gobeil.
13:23 of 2nd period - Stopped by Joni Ortio with a rebound.
13:25 of 2nd period - Snap shot by Jakob Pelletier.
13:25 of 2nd period - Deflect By Maxim Mamin.
13:25 of 2nd period - Shot Misses the Net.
13:25 of 2nd period - Puck is out of play.
13:26 of 2nd period - Maxim Mamin wins face-off versus Theodor Blueger in Barracuda zone.
13:29 of 2nd period - Snap shot by Maxim Mamin.
13:29 of 2nd period - Shot Misses the Net.
13:31 of 2nd period - Wrist shot by Maxim Mamin.
13:31 of 2nd period - Shot Misses the Net.
13:33 of 2nd period - Slapshot by Spencer Stastney.
13:33 of 2nd period - Stopped by Joni Ortio with a rebound.
13:39 of 2nd period - Alex Lintuniemi is hit by Maxim Mamin and loses puck.
14:08 of 2nd period - Wrist shot by Maxim Mamin.
14:08 of 2nd period - Stopped by Joni Ortio with a rebound.
14:10 of 2nd period - Wrist shot by Jakob Pelletier.
14:10 of 2nd period - Shot Misses the Net.
14:39 of 2nd period - Slapshot by Alex Schoenborn.
14:39 of 2nd period - Shot Misses the Net.
14:47 of 2nd period - Slapshot by Maxim Mamin.
14:47 of 2nd period - Goal by Maxim Mamin - Barracuda : 1 - Americans : 2.
14:48 of 2nd period - Emil Pettersson wins face-off versus Ryan Fitzgerald in neutral zone.
15:15 of 2nd period - Mac Hollowell is hit by Richard Nejezchleb and loses puck.
15:49 of 2nd period - Slapshot by Devon Teows.
15:49 of 2nd period - Shot Blocked by Mac Hollowell.
15:57 of 2nd period - Dillon Heatherington is hit by Mac Hollowell and loses puck.
16:04 of 2nd period - Snap shot by William Carrier.
16:04 of 2nd period - Deflect By Theodor Blueger.
16:04 of 2nd period - Stopped by Connor Hellebyuk with a rebound.
16:06 of 2nd period - Wrist shot by Dennis Cholowski.
16:06 of 2nd period - Stopped by Connor Hellebyuk with a rebound.
16:22 of 2nd period - Slapshot by William Carrier.
16:22 of 2nd period - Goal by William Carrier - Barracuda : 2 - Americans : 2.
16:23 of 2nd period - Emil Pettersson wins face-off versus Ryan Fitzgerald in neutral zone.
16:30 of 2nd period - Wrist shot by Kurtis Macdermid.
16:30 of 2nd period - Stopped by Connor Hellebyuk without a rebound.
16:31 of 2nd period - Ryan Fitzgerald wins face-off versus Emil Pettersson in Americans zone.
18:35 of 2nd period - Snap shot by Vladimir Tkachev.
18:35 of 2nd period - Shot Misses the Net.
18:37 of 2nd period - Snap shot by Spencer Stastney.
18:37 of 2nd period - Shot Blocked by Dennis Cholowski.
18:39 of 2nd period - Wrist shot by Nathan Noel.
18:39 of 2nd period - Shot Misses the Net.
19:36 of 2nd period - Alex Henriksson is hit by Kevin Fiala and loses puck.
Goals for this period are 1 for Barracuda vs 2 for Americans.
Shots for this period are 6 for Barracuda vs 15 for Americans.

3rd period


0:01 of 3rd period - Emil Pettersson wins face-off versus Ryan Fitzgerald in neutral zone.
0:04 of 3rd period - Slapshot by Emil Pettersson.
0:04 of 3rd period - Stopped by Connor Hellebyuk without a rebound.
0:05 of 3rd period - Emil Pettersson wins face-off versus Ryan Fitzgerald in Americans zone.
0:10 of 3rd period - Wrist shot by Emil Pettersson.
0:10 of 3rd period - Stopped by Connor Hellebyuk with a rebound.
0:12 of 3rd period - Snap shot by Thomas Gobeil.
0:12 of 3rd period - Stopped by Connor Hellebyuk with a rebound.
0:40 of 3rd period - Snap shot by Theodor Blueger.
0:40 of 3rd period - Stopped by Connor Hellebyuk without a rebound.
0:41 of 3rd period - Ryan Fitzgerald wins face-off versus Emil Pettersson in Americans zone.
1:16 of 3rd period - Wrist shot by Richard Nejezchleb.
1:16 of 3rd period - Goal by Richard Nejezchleb - Barracuda : 2 - Americans : 3.
1:17 of 3rd period - Ryan Fitzgerald wins face-off versus Emil Pettersson in neutral zone.
1:30 of 3rd period - Emil Pettersson is hit by Kevin Fiala.
2:11 of 3rd period - Slapshot by Nathan Noel.
2:11 of 3rd period - Shot Misses the Net.
2:13 of 3rd period - Snap shot by Nathan Noel.
2:13 of 3rd period - Shot Hit the Post.
2:31 of 3rd period - Snap shot by Kevin Fiala.
2:31 of 3rd period - Deflect By Ryan Fitzgerald.
2:31 of 3rd period - Goal by Ryan Fitzgerald - Barracuda : 2 - Americans : 4.
2:32 of 3rd period - Kurtis Macdermid wins face-off versus Ryan Fitzgerald in neutral zone.
2:37 of 3rd period - Slapshot by Emil Pettersson.
2:37 of 3rd period - Shot Blocked by Devon Teows.
2:39 of 3rd period - Slapshot by Jordan Gross.
2:39 of 3rd period - Stopped by Connor Hellebyuk with a rebound.
2:41 of 3rd period - Slapshot by Luke Martin.
2:41 of 3rd period - Stopped by Connor Hellebyuk with a rebound.
2:59 of 3rd period - Theodor Blueger is hit by Richard Nejezchleb and loses puck.
3:06 of 3rd period - Snap shot by Jordan Gross.
3:06 of 3rd period - Stopped by Connor Hellebyuk without a rebound.
3:07 of 3rd period - Emil Pettersson wins face-off versus Michael McCarron in Americans zone.
3:44 of 3rd period - Theodor Blueger is hit by Matt Grzelcyk and loses puck.
4:06 of 3rd period - Slapshot by Maxim Mamin.
4:06 of 3rd period - Stopped by Joni Ortio without a rebound.
4:07 of 3rd period - Emil Pettersson wins face-off versus Justin Bailey in Barracuda zone.
6:56 of 3rd period - Off-side.
6:57 of 3rd period - Theodor Blueger wins face-off versus Michael McCarron in neutral zone.
7:31 of 3rd period - Wrist shot by Kevin Fiala.
7:31 of 3rd period - Stopped by Joni Ortio with a rebound.
7:45 of 3rd period - Snap shot by Jakob Pelletier.
7:45 of 3rd period - Stopped by Joni Ortio with a rebound.
7:54 of 3rd period - Off-side.
7:55 of 3rd period - Ryan Fitzgerald wins face-off versus Theodor Blueger in neutral zone.
8:22 of 3rd period - Snap shot by Michael McCarron.
8:22 of 3rd period - Stopped by Joni Ortio with a rebound.
8:24 of 3rd period - Snap shot by Richard Nejezchleb.
8:24 of 3rd period - Shot Misses the Net.
8:26 of 3rd period - Slapshot by Devon Teows.
8:26 of 3rd period - Stopped by Joni Ortio without a rebound.
8:27 of 3rd period - Ryan Fitzgerald wins face-off versus Emil Pettersson in Barracuda zone.
9:16 of 3rd period - Wrist shot by Nathan Noel.
9:16 of 3rd period - Deflect By Daniel Sprong.
9:16 of 3rd period - Stopped by Joni Ortio with a rebound.
9:18 of 3rd period - Snap shot by Daniel Sprong.
9:18 of 3rd period - Shot Misses the Net.
9:20 of 3rd period - Wrist shot by Vladimir Tkachev.
9:20 of 3rd period - Stopped by Joni Ortio with a rebound.
9:22 of 3rd period - Slapshot by Gianni Fairbrother.
9:22 of 3rd period - Shot Blocked by Alex Lintuniemi.
9:24 of 3rd period - Snap shot by Daniel Sprong.
9:24 of 3rd period - Stopped by Joni Ortio without a rebound.
9:25 of 3rd period - Ryan Fitzgerald wins face-off versus Emil Pettersson in Barracuda zone.
9:26 of 3rd period - Wrist shot by Kevin Fiala.
9:26 of 3rd period - Shot Misses the Net.
9:51 of 3rd period - Spencer Stastney is hit by Jaedon Descheneau and loses puck.
10:13 of 3rd period - Off-side.
10:14 of 3rd period - Kyle Platzer wins face-off versus Nathan Noel in neutral zone.
10:17 of 3rd period - Snap shot by Jordan Gross.
10:17 of 3rd period - Shot Blocked by Xavier Bouchard.
10:39 of 3rd period - Alexei Toropchenko is hit by Maxim Mamin and loses puck.
10:46 of 3rd period - Slapshot by Luke Martin.
10:46 of 3rd period - Goal by Luke Martin - Barracuda : 3 - Americans : 4.
10:47 of 3rd period - Emil Pettersson wins face-off versus Ryan Fitzgerald in neutral zone.
11:16 of 3rd period - Snap shot by Cole Ully.
11:16 of 3rd period - Stopped by Connor Hellebyuk without a rebound.
11:17 of 3rd period - Teemu Pulkkinen wins face-off versus Theodor Blueger in Americans zone.
11:29 of 3rd period - Icing by Luke Martin.
11:30 of 3rd period - Ryan Fitzgerald wins face-off versus Theodor Blueger in Barracuda zone.
11:41 of 3rd period - Wrist shot by Ryan Fitzgerald.
11:41 of 3rd period - Stopped by Joni Ortio without a rebound.
11:42 of 3rd period - Ryan Fitzgerald wins face-off versus Emil Pettersson in Barracuda zone.
11:55 of 3rd period - Wrist shot by Kurtis Macdermid.
11:55 of 3rd period - Shot Blocked by Justin Bailey.
12:07 of 3rd period - Jaedon Descheneau is hit by Teemu Pulkkinen and loses puck.
13:06 of 3rd period - Slapshot by Kyle Platzer.
13:06 of 3rd period - Stopped by Connor Hellebyuk without a rebound.
13:07 of 3rd period - Ryan Fitzgerald wins face-off versus Emil Pettersson in Americans zone.
13:07 of 3rd period - Ryan Fitzgerald is hit by Emil Pettersson.
14:39 of 3rd period - Minor Penalty to Mac Hollowell for Interference.
14:40 of 3rd period - Emil Pettersson wins face-off versus Ryan Fitzgerald in Barracuda zone.
14:56 of 3rd period - Snap shot by Kevin Fiala.
14:56 of 3rd period - Shot Misses the Net.
15:38 of 3rd period - Off-side.
15:39 of 3rd period - Kevin Fiala wins face-off versus Theodor Blueger in neutral zone.
15:42 of 3rd period - Theodor Blueger is hit by Ryan Fitzgerald and loses puck.
15:49 of 3rd period - Minor Penalty to Devon Teows for Holding.
15:50 of 3rd period - Justin Bailey wins face-off versus Emil Pettersson in Americans zone.
15:50 of 3rd period - Justin Bailey is hit by Emil Pettersson.
16:21 of 3rd period - Minor Penalty to Xavier Bouchard for High sticking.
16:22 of 3rd period - Justin Bailey wins face-off versus Emil Pettersson in Americans zone.
16:39 of 3rd period - Penalty to Mac Hollowell is over, Mac Hollowell is back on ice.
16:57 of 3rd period - Wrist shot by William Carrier.
16:57 of 3rd period - Shot Blocked by Dillon Heatherington.
16:59 of 3rd period - Wrist shot by Jaedon Descheneau.
16:59 of 3rd period - Stopped by Connor Hellebyuk without a rebound.
17:00 of 3rd period - Theodor Blueger wins face-off versus Maxim Mamin in Americans zone.
17:05 of 3rd period - Wrist shot by Theodor Blueger.
17:05 of 3rd period - Stopped by Connor Hellebyuk without a rebound.
17:06 of 3rd period - Justin Bailey wins face-off versus Emil Pettersson in Americans zone.
17:18 of 3rd period - Off-side.
17:19 of 3rd period - Justin Bailey wins face-off versus Emil Pettersson in neutral zone.
17:49 of 3rd period - Penalty to Devon Teows is over, Devon Teows is back on ice.
18:21 of 3rd period - Penalty to Xavier Bouchard is over, Xavier Bouchard is back on ice.
18:47 of 3rd period - Off-side.
18:48 of 3rd period - Dale Hunter call a timeout for Barracuda.
18:48 of 3rd period - Emil Pettersson wins face-off versus Michael McCarron in neutral zone.
18:51 of 3rd period - Barracuda, Joni Ortio is pulled from the net.
18:55 of 3rd period - Wrist shot by Kurtis Macdermid.
18:55 of 3rd period - Shot Misses the Net.
19:44 of 3rd period - Slapshot by Luke Martin.
19:44 of 3rd period - Deflect By Emil Pettersson.
19:44 of 3rd period - Stopped by Connor Hellebyuk without a rebound.
19:45 of 3rd period - Ryan Fitzgerald wins face-off versus Emil Pettersson in Americans zone.
19:58 of 3rd period - Dillon Heatherington is hit by Mac Hollowell and loses puck.
Goals for this period are 1 for Barracuda vs 2 for Americans.
Shots for this period are 13 for Barracuda vs 11 for Americans.